 Dungeon Crawl Stone Soup version 0.31-b1-12-gca42e3d1b8 (webtiles) character file.

Game seed: 14444926522637353410

224 hawla the Scratcher (level 5, -3/25 HPs)
             Began as a Felid Shapeshifter on Jan 15, 2024.
             Was an Initiate of Makhleb.
             Slain by a black bear (4 damage)
             ... on level 4 of the Dungeon.
             The game lasted 00:06:09 (3318 turns).

hawla the Scratcher (Felid Shapeshifter)            Turns: 3318, Time: 00:06:10

Health: -3/25      AC:  1    Str: 12    XL:     5   Next: 67%
Magic:  6/6        EV: 19    Int: 13    God:    Makhleb [......]
Gold:   226        SH:  0    Dex: 22    Spells: 4/4 levels left
                                        Lives:  0   Deaths: 2

rFire   . .          .
                       - Unarmed
rCold   . . .        (shield unavailable)
rNeg    . . .        (body armour unavailable)
rPois   .            (helmet unavailable)
rElec   .            (cloak unavailable)
rCorr   .            (gloves unavailable)
SInv    +            (boots unavailable)
Will    .....        (no amulet)
Stlth   +++          d - +6 ring of dexterity
HPRegen 0.24/turn    l - ring of flight
MPRegen 0.10/turn

%: no passive effects
@: beast-form, flying
A: beast (slay +2), very small, claws 1, fangs 3, see invisible, shaggy fur 1,
stealthy paws, no weapons or thrown items, no armour, multi-lived
a: Begin Untransformation, Renounce Religion


You were on level 4 of the Dungeon.
You worshipped Makhleb.
Makhleb was noncommittal.
You were a hulking beast.
You visited 1 branch of the dungeon, and saw 4 of its levels.

You collected 226 gold pieces.

Inventory:

Jewellery
 d - a +6 ring of dexterity (left paw)
 l - a ring of flight (right paw)
Talismans
 b - a beast talisman
 c - a flux talisman
 e - a talisman of death
Scrolls
 f - a scroll of identify
 k - a scroll of enchant armour {unknown}
Potions
 a - 2 potions of lignification
 g - a potion of attraction
 h - a potion of berserk rage
 i - 2 potions of curing


   Skills:
 + Level 1.5 Fighting
 + Level 3.8 Dodging
 + Level 2.5 Stealth
 + Level 4.5 Unarmed Combat
 * Level 3.7 Shapeshifting


You had 4 spell levels left.
You didn't know any spells.
Your spell library was empty.

Dungeon Overview and Level Annotations

Branches:
Dungeon (4/15)
 Temple: D:4-7

Altars:
Fedhas
Makhleb

Annotations:
D:3 Sigmund


Innate Abilities, Weirdness & Mutations

You are a hulking beast.
Your limbs bulge with bestial killing power. (Slay +2)
You have sharp claws.
You have razor-sharp teeth.
You have supernaturally acute eyesight. (SInv)
You are covered in fur. (AC +1)
Your paws help you pounce on unaware monsters.
You are incapable of wielding weapons or throwing items.
You cannot wear armour.
You gain extra lives every three experience levels.


Message History

You see here 6 stones.
Found a stone staircase leading down.
Found an escape hatch in the ceiling.
There is an escape hatch in the ceiling here.
k - a scroll labelled TONAKUADYA
There is a stone staircase leading down here.
You now have 226 gold pieces (gained 5).
A black bear comes into view.
The black bear growls angrily.
Okay, then.
The black bear closely misses you. The black bear misses you. x2
You scratch the black bear.
The black bear is lightly wounded.
The black bear completely misses you. The black bear barely misses you.
The black bear claws you.
You scratch the black bear.
The black bear is heavily wounded.
The black bear bites you. The black bear claws you. x2
You are too injured to fight recklessly!
You scratch the black bear but do no damage.
The black bear is heavily wounded.
The black bear misses you. The black bear closely misses you.
The black bear claws you.
* * * LOW HITPOINT WARNING * * *
You barely miss the black bear.
The black bear is heavily wounded.
The black bear misses you. x2; The black bear claws you.
* * * LOW HITPOINT WARNING * * *
Okay, then.
You scratch the black bear.
The black bear is heavily wounded.
The black bear misses you. The black bear claws you.
* * * LOW HITPOINT WARNING * * *
The black bear closely misses you.
As you read the scroll labelled XUHARU JIERE, it crumbles to dust.
It is a scroll of amnesia.
You feel forgetful for a moment. The black bear bites you.
* * * LOW HITPOINT WARNING * * *
The black bear misses you. The black bear claws you.
You die...

### #.#######.#
#.#..hh...# #.##.####.#
###########.##.####
#...........##....#
#.#######...#####.# #.#
#.#.# #.# #### #.# #.#.#
###.####.# #...
#.#######.#####........#
##.#
#...............#.######
#.#


You could see a black bear.

Vanquished Creatures
  A centaur (D:4)
  An iguana (D:4)
  4 adders
  2 dart slugs
  3 ribbon worms
  4 ball pythons
  3 endoplasms
  7 giant cockroaches
  4 goblins
  5 hobgoblins
  4 jackals (D:1)
  7 kobolds
  3 quokkas
  8 bats
  4 frilled lizards (D:1)
  12 rats
72 creatures vanquished.

Notes
Turn   | Place    | Note
-------+----------+-------------------------------------------
     0 | D:1      | hawla the Felid Shapeshifter began the quest for the Orb.
     0 | D:1      | Reached XP level 1. HP: 10/10 MP: 2/2
    79 | D:1      | Reached XP level 2. HP: 14/14 MP: 3/3
   435 | D:1      | Reached XP level 3. HP: 11/18 MP: 4/4
   531 | D:1      | You fall into a shaft and drop 1 floor!
   991 | D:2      | Reached skill level 1 in Stealth
  1385 | D:2      | Identified the +9 falchion of the Trees {heavy, Will+
                  | Dex+6}
  1430 | D:2      | Reached XP level 4. HP: 22/22 MP: 5/5
  1430 | D:2      | Gained a life (2 lives remaining)
  1780 | D:3      | Found a burning altar of Makhleb.
  1827 | D:3      | Became a worshipper of Makhleb the Destroyer
  2195 | D:3      | Noticed Sigmund
  2258 | D:3      | Found a blossoming altar of Fedhas.
  2646 | D:3      | Reached skill level 4 in Unarmed Combat
  2890 | D:4      | Noticed a centaur
  2893 | D:4      | Shot with an arrow by a centaur
  2893 | D:4      | Lost a life (1 life remaining)
  3014 | D:4      | Shot with an arrow by a centaur
  3014 | D:4      | Lost a life (0 lives remaining)
  3041 | D:4      | Killed a centaur
  3042 | D:4      | Reached XP level 5. HP: 10/25 MP: 6/6
  3311 | D:4      | Noticed a black bear
  3318 | D:4      | HP: 1/25 [black bear (5)]
  3318 | D:4      | Slain by a black bear

Illustrated notes

Levels and vault maps discovered:
D:1:      dpeg_arrival_short_road, layout_basic
D:2:      layout_basic
D:3:      layout_basic, fedhas_altar_3, bloody_makhleb,
          nicolae_underground_beach, uniq_sigmund
D:4:      layout_basic

Skill      XL: |  1  2  3  4 |
---------------+-------------+-----
Dodging        | 3 |  3.8
Shapeshifting  | 3 |  3.7
Stealth        | 1 2 |  2.5
Unarmed Combat | 4 |  4.5
Fighting       | |  1.5

Action                     |  1- 3 |  4- 6 || total
---------------------------+-------+-------++-------
  Melee: Unarmed           |   109 |    67 ||   176
         Bite              |     6 |     6 ||    12
    Use: Scroll            |       |     7 ||     7
         Potion            |       |     2 ||     2
   Stab: Sleeping          |     2 |     3 ||     5
 Armour: Skin              |    33 |    41 ||    74
  Dodge: Dodged            |    96 |   100 ||   196
